AoeStats
← [GG] Shevchenko 7

Socotra

506762581Analyzed
3v3 RM · 19d ago on Sep 15, 2026· 24m 50s· 6 players
Game mode
Random Map
Map size
128×128
Population
200
Speed
Normal
Resources
Standard
Victory
Conquest
Starting age
Dark Age
Ending age
Imperial Age
RankedLock teamsTeams togetherTeam positionsShared explorationLock speedFull tech treeHidden civsTurbo modeCheats
Victory
Defeat
🇧🇷 Magyars · Brazil
1004
+18
🇧🇷 Portuguese · Brazil
1000
+18
994
+18
🇨🇴 Romans · Colombia
1062
-18
🇵🇪 Cumans · Peru
1050
-18
🇨🇴 Armenians · Colombia
1037
-18
[GG] Raúl González Blanco
7:35 Loom
10:06 Feudal Age
10:38 Town Watch
16:31 Fletching
22:22 Castle Age
23:02 Crossbowman
[GG] Shevchenko 7
4:49 Loom
8:31 Loom
10:42 Feudal Age
14:58 Castle Age
[GG] Trezeguet
6:16 Loom
11:20 Feudal Age
15:37 Horse Collar
Canablitz7546
6:57 Loom
10:28 Feudal Age
11:00 Man-at-Arms
13:12 Town Watch
13:13 Double-Bit Axe
17:49 Scale Mail Armor
22:09 Fletching
22:31 Forging
EminenceShadow
7:27 Loom
11:22 Feudal Age
11:58 Double-Bit Axe
21:08 Wheelbarrow
24:13 Castle Age
25:08 Thumb Ring
Miguel de Unamano
3:33 Loom
9:47 Feudal Age
12:40 Man-at-Arms
14:17 Long Swordsman
17:28 Scale Mail Armor
17:44 Forging
24:09 Wheelbarrow
Connection lost

Rejoining the realm…

Still unreachable

The connection could not be restored.

Session expired

The server has moved on; the page needs a fresh start.